 Dungeon Crawl Stone Soup version 0.29-a0-25-g7f48f510a0 (webtiles) character file.

Game seed: 17965047432950372435

6367 HallandMoats the Fighter (level 10, -5/74 HPs)
             Began as an Octopode Monk on Jan 31, 2022.
             Was the Champion of Nemelex Xobeh.
             Slain by a centaur warrior zombie (11 damage)
             ... on level 9 of the Dungeon.
             The game lasted 00:15:06 (10673 turns).

HallandMoats the Fighter (Octopode Monk)           Turns: 10673, Time: 00:15:07

Health: -5/74      AC:  1    Str: 16    XL:     10   Next: 97%
Magic:  14/14      EV: 19    Int: 14    God:    Nemelex Xobeh [******]
Gold:   497        SH:  0    Dex: 18    Spells: 9/9 levels left

rFire   . . .      SeeInvis .   a - +3 trident (vamp)
rCold   . . .      Faith    .   (no shield)
rNeg    . . .      Spirit   .   (helmet restricted)
rPois   +          Reflect  .   (no amulet)
rElec   +          Harm     .   c - ring of Lomimpag {Drain rElec rPois Str+6}
rCorr   .          Rampage  .   (no ring)
Will    .....                   (no ring)
Stlth   +++.......              (no ring)
HPRegen 0.22/turn               (no ring)
MPRegen 0.14/turn               (no ring)
                                (no ring)
                                (no ring)

@: studying Translocations
A: almost no armour, amphibious, 8 rings, camouflage 1, gelatinous body 1,
(nimble swimmer 1), tentacles
a: Renounce Religion, Draw Escape, Draw Destruction, Draw Summoning, Triple
Draw, Deal Four, Stack Five


You were on level 9 of the Dungeon.
You worshipped Nemelex Xobeh.
Nemelex Xobeh was exalted by your worship.
You visited 1 branch of the dungeon, and saw 9 of its levels.
You also visited: Sewer.

You collected 519 gold pieces.
You spent 22 gold pieces at shops.

Inventory:

Hand Weapons
 a - a +3 vampiric trident (weapon)
Missiles
 b - 6 throwing nets (quivered)
Jewellery
 c - the ring of Lomimpag (left tentacle) {Drain rElec rPois Str+6}
   (You acquired it on level 4 of the Dungeon)

   [ring of strength]

   Str:       It affects your strength (+6).
   rElec:     It insulates you from electricity.
   rPois:     It protects you from poison.
   Drain:     It drains your maximum health when unequipped.
Wands
 k - a wand of digging (1)
 A - a wand of flame (12)
 B - a wand of mindburst (13)
 E - a wand of paralysis (10)
Scrolls
 d - a scroll of silence
 e - a scroll of enchant armour {unknown}
 i - 2 scrolls of immolation
 l - 2 scrolls of magic mapping
 p - a scroll of amnesia
 q - 3 scrolls of teleportation
 r - 2 scrolls of fear
 s - a scroll of brand weapon
 v - 2 scrolls of blinking
 x - a scroll of holy word
Potions
 f - 2 potions of curing {unknown}
 h - 3 potions of degeneration
 j - 3 potions of lignification
 m - a potion of resistance {unknown}
 n - 3 potions of brilliance {unknown}
 o - 6 potions of flight
 t - 2 potions of haste {unknown}
 u - 2 potions of cancellation {unknown}
 w - 2 potions of attraction {unknown}
 z - a potion of magic {unknown}
 D - a potion of invisibility {unknown}


   Skills:
 * Level 9.3 Fighting
 * Level 9.2 Polearms
 * Level 9.2 Dodging
 - Level 2.6 Stealth
 + Level 6.5 Invocations


You had 9 spell levels left.
You didn't know any spells.
Your spell library contained the following spells:

 Spells                   Type           Power      Damage    Failure   Level
 Summon Small Mammal      Summ           0%         N/A       28%         1
 Corpse Rot               Necr/Air       0%         N/A       41%         2
 Ensorcelled Hibernation  Hex/Ice        0%         N/A       41%         2
 Passwall                 Tmut/Erth      0%         N/A       41%         2
 Poisonous Vapours        Pois/Air       0%         N/A       41%         2
 Static Discharge         Conj/Air       0%         N/A       41%         2
 Call Canine Familiar     Summ           0%         N/A       65%         3
 Spider Form              Tmut/Pois      0%         N/A       65%         3
 Summon Guardian Golem    Hex/Summ       0%         N/A       65%         3
 Swiftness                Air            0%         N/A       65%         3
 Anguish                  Hex/Necr       0%         N/A       96%         4
 Dispel Undead            Necr           0%         3d6       96%         4
 Sticky Flame             Conj/Fire      0%         2d3       96%         4


Dungeon Overview and Level Annotations

Branches:
Dungeon (9/15)             Temple (0/1) D:6           Sewer (visited)
   Lair: D:8-11         Orc: D:9-12

Altars:
Nemelex Xobeh
Sif Muna

Shops:
D:2 ?


Innate Abilities, Weirdness & Mutations

You cannot wear most types of armour.
You are amphibious.
You can wear up to eight rings at the same time.
Your skin changes colour to match your surroundings (Stealth+).
Your rubbery body absorbs attacks. (AC +1, EV +1)
((You are camouflaged when in or above water. (Stealth+)))
You have tentacles for arms and can constrict up to eight enemies at once.


Message History

The steam dragon is almost dead.
The steam dragon barely misses you. x2; The centaur warrior zombie hits you!
The centaur warrior zombie closely misses you.
You closely miss the steam dragon.
The steam dragon is almost dead.
The centaur warrior zombie hits you. The centaur warrior zombie kicks you.
The steam dragon breathes steam at you. The ball of steam hits you!!
You are too injured to fight recklessly!
You are too injured to fight recklessly!
You are too injured to fight recklessly!
You are too injured to fight recklessly!
You are too injured to fight recklessly!
You are too injured to fight recklessly!
You are too injured to fight recklessly!
You are too injured to fight recklessly!
You are too injured to fight recklessly!
You are too injured to fight recklessly!
You are too injured to fight recklessly!
You are too injured to fight recklessly!
You are too injured to fight recklessly!
You are too injured to fight recklessly!
You are too injured to fight recklessly!
You are too injured to fight recklessly!
You are too injured to fight recklessly!
You are too injured to fight recklessly!
You are too injured to fight recklessly!
You puncture the steam dragon!
You feel better.
You kill the steam dragon!
You are engulfed in a cloud of scalding steam.
* * * LOW HITPOINT WARNING * * *
The centaur warrior zombie hits you.
* * * LOW HITPOINT WARNING * * *
The centaur warrior zombie closely misses you.
You draw a card...
You have drawn the Elements.
You are engulfed in a cloud of scalding steam.
* * * LOW HITPOINT WARNING * * *
The centaur warrior zombie hits you!
You die...
Your body disappears without a glow.

## ## ## # ##.#
###.## #.##..
#...##....# #......
#......... ##.......
#........# #........
#....)...###v.......
#........##§@§......
#........#.§#ZY.....
.........)..#.l.....
.#######.))###......
###)## #..... #..##
..... ##..# #...
##.## ### #..##


You could see a centaur warrior zombie (ally target), a friendly basilisk
(summoned), a friendly fire vortex (summoned, wandering) and a friendly ice
beast (summoned).

Vanquished Creatures
  A harpy (D:7)
  A moth of wrath (D:7)
  A rime drake (D:6)
  A troll (D:7)
  A spriggan (D:7)
  A shapeshifter (D:7)
  A wyvern (D:9)
  A steam dragon (D:9)
  Edmund (D:4)
  A water moccasin (D:5)
  Duvessa (D:6)
  A black bear (D:6)
  3 ogres
  A necrophage (D:7)
  4 ice beasts
  2 sky beasts
  2 centaurs (D:7)
  2 kobold brigands (D:8)
  2 bullfrogs
  A gnoll sergeant (D:9)
  3 scorpions
  2 wyvern skeletons
  Dowan (D:6)
  A killer bee (D:8)
  A howler monkey (D:7)
  2 bullfrog zombies (D:5)
  A hound (D:5)
  A gnoll shaman (D:6)
  A jelly (D:5)
  3 centaur skeletons
  3 iguanas
  Natasha (thrice) (D:4)
  A hound skeleton (D:4)
  15 adders
  12 gnolls
  4 river rats
  2 white imps
  2 adder skeletons
  6 worms
  A dart slug (D:4)
  11 orcs
  9 endoplasms
  12 giant cockroaches
  6 goblins
  6 hobgoblins
  5 jackals
  8 quokkas
  11 ball pythons
  13 bats
  4 frilled lizards
  21 kobolds
  A quokka skeleton (D:4)
  4 rats
205 creatures vanquished.

Vanquished Creatures (collateral kills)
  Grinder (D:3)
  A hornet (D:9)
  3 yaks (D:8)
  A necrophage (D:8)
  A sky beast (D:8)
  A gnoll sergeant (D:3)
  5 killer bees (D:8)
  A howler monkey (D:8)
  A bullfrog skeleton (D:4)
  A gnoll shaman (D:4)
  Ijyb (D:3)
  An orc wizard (D:3)
  5 gnolls
  An adder (D:3)
  3 orcs
  2 kobolds (D:8)
29 creatures vanquished.

Grand Total: 234 creatures vanquished

Notes
Turn   | Place    | Note
-------+----------+-------------------------------------------
     0 | D:1      | HallandMoats the Octopode Monk began the quest for the Orb.
     0 | D:1      | Reached XP level 1. HP: 16/16 MP: 1/1
   115 | D:1      | Reached XP level 2. HP: 16/21 MP: 2/2
   128 | D:1      | Found a faded altar of an unknown god.
   188 | D:1      | Prayed at the altar of an unknown god.
   188 | D:1      | Became a worshipper of Nemelex Xobeh the Trickster
   188 | D:1      | Reached * piety under Nemelex Xobeh
   188 | D:1      | Received a gift from Nemelex Xobeh
   188 | D:1      | Reached ** piety under Nemelex Xobeh
   188 | D:1      | Received a gift from Nemelex Xobeh
   338 | D:1      | Reached XP level 3. HP: 23/26 MP: 3/3
   866 | D:1      | Reached skill level 1 in Invocations
  1146 | D:2      | Reached *** piety under Nemelex Xobeh
  1189 | D:2      | Reached XP level 4. HP: 25/32 MP: 4/4
  1437 | D:2      | Received a gift from Nemelex Xobeh
  1746 | D:2      | Found Vikomeir's Magic Scroll Shoppe.
  1762 | D:2      | Bought a scroll of identify for 22 gold pieces
  1922 | D:2      | Received a gift from Nemelex Xobeh
  2435 | D:3      | Reached **** piety under Nemelex Xobeh
  2464 | D:3      | Noticed Ijyb
  2483 | D:3      | Noticed Grinder
  2502 | D:3      | Reached XP level 5. HP: 21/37 MP: 6/6
  2504 | D:3      | Killed Ijyb
  2506 | D:3      | Killed Grinder
  2507 | D:3      | Reached XP level 6. HP: 26/44 MP: 7/7
  2742 | D:3      | Reached XP level 7. HP: 8/49 MP: 8/8
  3273 | D:3      | Received a gift from Nemelex Xobeh
  3658 | D:4      | Noticed Blork the orc
  3663 | D:4      | Noticed Blork
  3663 | D:4      | Blork the orc changed into Blork the river rat
  3667 | D:4      | Killed Blork the river rat
  3668 | D:4      | Reached skill level 5 in Fighting
  3797 | D:4      | Reached skill level 5 in Polearms
  3806 | D:4      | Reached skill level 5 in Dodging
  3944 | D:4      | Noticed Edmund
  3960 | D:4      | Killed Edmund
  3962 | D:4      | Reached XP level 8. HP: 55/56 MP: 10/10
  3984 | D:4      | Noticed Natasha
  3991 | D:4      | Killed Natasha
  4016 | D:4      | Reached ***** piety under Nemelex Xobeh
  4030 | D:4      | Found a glowing drain.
  4038 | Sewer    | Entered a sewer
  4163 | Sewer    | Received a gift from Nemelex Xobeh
  5062 | D:4      | Noticed Natasha
  5069 | D:4      | Killed Natasha
  5175 | D:4      | Noticed Natasha
  5184 | D:4      | Killed Natasha
  5550 | D:4      | Identified 2 scrolls of acquirement
  5550 | D:4      | Acquired a manual of Translocations
  5552 | D:4      | Acquired the ring of Lomimpag {Drain rElec rPois Str+6}
  5560 | D:5      | Entered Level 5 of the Dungeon
  5904 | D:5      | Received a gift from Nemelex Xobeh
  6331 | D:5      | Reached XP level 9. HP: 47/63 MP: 12/12
  6801 | D:6      | Noticed Dowan
  6803 | D:6      | Noticed Duvessa
  6812 | D:6      | Killed Duvessa
  6817 | D:6      | Killed Dowan
  7194 | D:6      | Received a gift from Nemelex Xobeh
  7217 | D:6      | Noticed a rime drake
  7217 | D:6      | a black bear changed into a rime drake
  7223 | D:6      | Killed a rime drake
  7497 | D:6      | Found a staircase to the Ecumenical Temple.
  7942 | D:7      | Reached skill level 5 in Invocations
  8123 | D:7      | Noticed Harold
  8125 | D:7      | Noticed Harold
  8125 | D:7      | Harold changed into Harold the moth of wrath
  8128 | D:7      | Killed Harold the moth of wrath
  8223 | D:7      | Received a gift from Nemelex Xobeh
  8336 | D:7      | Noticed a troll
  8336 | D:7      | a yak changed into a troll
  8336 | D:7      | Noticed a harpy
  8336 | D:7      | a yak changed into a harpy
  8337 | D:7      | Killed a harpy
  8338 | D:7      | Reached XP level 10. HP: 72/72 MP: 12/14
  9227 | D:7      | Found a shimmering blue altar of Sif Muna.
  9274 | D:7      | Received a gift from Nemelex Xobeh
  9746 | D:8      | Reached ****** piety under Nemelex Xobeh
  9746 | D:8      | Received a gift from Nemelex Xobeh
  9746 | D:8      | Identified the +5 ring mail of Cifihoim {rElec rC+ Stlth+}
  9967 | D:8      | Noticed Psyche
  9968 | D:8      | Noticed Psyche
  9968 | D:8      | Psyche changed into Psyche the sky beast
  9975 | D:8      | Killed Psyche the sky beast
 10075 | D:8      | Received a gift from Nemelex Xobeh
 10673 | D:9      | Slain by a centaur warrior zombie

Illustrated notes

Levels and vault maps discovered:
D:1:      nzn_arrival_depleted_hourglass, layout_basic,
          hellmonk_ecumenical_altar_lost_god
D:2:      wad_lake_hut, layout_basic, serial_shops, shop
D:3:      layout_basic, uniq_ijyb, uniq_grinder
D:4:      layout_basic, gup_sewer_entry_bowl, serial_corexii_hall,
          corexii_hall_statues_x, corexii_hall_statues_l, st_stairs_11,
          uniq_blork_the_orc, uniq_edmund, uniq_natasha
D:5:      layout_basic
D:6:      nicolae_cairo_tiling_large_dashed, layout_loops_ring,
          columned_hall_lemuel, minmay_holes, uniq_duvessa
D:7:      layout_basic, lemuel_blue_sif_altar, uniq_harold
D:8:      layout_cave_pools, uniq_psyche
D:9:      layout_cave_pods

Skill      XL: |  1  2  3  4  5  6  7  8  9 10 |
---------------+-------------------------------+-----
Invocations    | 1 2 3 4 5 6 |  6.5
Fighting       | 4 5 6 8 9 |  9.3
Polearms       | 4 5 6 8 9 |  9.2
Dodging        | 4 5 6 8 9 |  9.2
Stealth        | |  2.6

Action                   |  1- 3 |  4- 6 |  7- 9 | 10-12 || total
-------------------------+-------+-------+-------+-------++-------
Melee: Spear             |    78 |    39 |       |       ||   117
       Constrict         |    15 |    12 |    37 |    15 ||    79
       Tentacles         |    12 |    11 |    54 |    29 ||   106
       Punch             |     1 |       |     4 |     3 ||     8
       Trident           |       |    24 |   228 |   129 ||   381
Invok: Draw Summoning    |       |     3 |     1 |     8 ||    12
       Draw Destruction  |       |       |    27 |    12 ||    39
  Use: Scroll            |       |       |     8 |     9 ||    17
 Stab: Sleeping          |    11 |     6 |    23 |     1 ||    41
       Distracted        |       |       |       |     2 ||     2
Armor: Skin              |     1 |     1 |    12 |     4 ||    18
Dodge: Dodged            |    35 |    23 |   105 |   104 ||   267

Table legend: (Time is in decaauts)
 A = Elapsed time spent in this place.
 B = Non-inter-level travel time spent in this place.
 C = Inter-level travel time spent in this place.
 D = Time resting spent in this place.
 E = Time spent auto-exploring this place.
 F = Levels seen in this place.
 G = Mean time per level.
                   A        B        C        D        E       F      G
               +--------+--------+--------+--------+--------+-----+--------+
         Total |  10648 |  10326 |    322 |    854 |   8022 |  10 | 1064.8 |
       Dungeon |   9975 |   9653 |    322 |    647 |   7728 |   9 | 1108.3 |
         Sewer |    673 |    673 |      0 |    207 |    294 |   1 |  673.0 |
               +--------+--------+--------+--------+--------+-----+--------+

Top non-repeatable levels by time:
     D:7: 1431 daAuts
     D:2: 1258 daAuts
     D:4: 1249 daAuts
     D:3: 1235 daAuts
     D:5: 1235 daAuts
     D:1: 1139 daAuts
     D:6: 1126 daAuts
     D:8: 1020 daAuts
   Sewer: 673 daAuts
     D:9: 278 daAuts
